 Dungeon Crawl Stone Soup version 0.26-a0-201-gb271ac0e06 (console) character file.

Game seed: 12789645494710573211

6277 bli the Fighter (level 10, -1/85 HPs)
             Began as a Barachi Fighter on July 5, 2020.
             Was a Believer of the Shining One.
             Slain by a death yak (31 damage)
             ... on level 9 of the Dungeon.
             The game lasted 00:41:25 (10837 turns).

bli the Fighter (Barachi Fighter)                  Turns: 10837, Time: 00:41:26

Health: -1/85      AC:  7    Str: 17    XL:     10   Next: 94%
Magic:  9/10       EV: 15    Int:  8    God:    the Shining One [**....]
Gold:   350        SH: 23    Dex: 20    Spells: 9/9 levels left

rFire    + + .     SeeInvis .   a - +2 short sword (freeze)
rCold    + . .     Faith    .   D - +0 kite shield
rNeg     + . .     Spirit   .   M - +1 leather armour of the Forest {Harm MR+ Str-2} (curse)
rPois    .         Reflect  +   q - +0 helmet
rElec    .         Harm     +   e - scarf {rC+ rF+}
rCorr    .                      R - +0 pair of gloves
MR       +....                  (no boots)
Stlth    +.........             T - amulet of reflection
HPRegen  0.24/turn              j - ring of protection from fire
MPRegen  0.12/turn              m - +6 ring of dexterity

@: divine shield, glowing, slow
A: +LOS, swims, slowness 1, strong legs 1
a: Hop, Divine Shield, Renounce Religion


You were on level 9 of the Dungeon.
You worshipped the Shining One.
The Shining One was pleased with you.
You were hungry.

You visited 2 branches of the dungeon, and saw 11 of its levels.

You collected 615 gold pieces.
You spent 265 gold pieces at shops.

Inventory:

Hand Weapons
 a - a +2 short sword of freezing (weapon)
 b - a +3 short sword
 c - a +0 long sword
 k - a +0 shortbow of flaming
 o - a +0 hunting sling
 C - a +0 arbalest
Missiles
 h - 282 stones
 u - 191 arrows
 E - 68 bolts
 L - 65 sling bullets
 O - 13 poisoned darts (quivered)
 P - 3 boomerangs
 V - 2 throwing nets
Armour
 e - a scarf of resistance (worn)
 q - a +0 helmet (worn)
 w - a +0 chain mail
 D - a +0 kite shield (worn)
 H - a +0 scale mail
 I - a +2 ring mail of fire resistance
 M - the cursed +1 leather armour of the Forest (worn) {Harm MR+ Str-2}
   (You bought it in a shop on level 5 of the Dungeon)

   It affects your strength (-2).
   It affects your resistance to hostile enchantments.
   It increases damage dealt and taken.
   It has a curse placed upon it.
 R - a +0 pair of gloves (worn)
Jewellery
 j - a ring of protection from fire (left hand)
 m - a +6 ring of dexterity (right hand)
 T - an amulet of reflection (around neck)
Wands
 y - a wand of iceblast (11)
 Q - a wand of paralysis (3)
Scrolls
 g - 2 scrolls of magic mapping {unknown}
 i - 3 scrolls of amnesia {unknown}
 l - 4 scrolls of remove curse
 n - 8 scrolls of teleportation {unknown}
 s - 10 scrolls of identify {unknown}
 t - 2 scrolls of fog {unknown}
 v - 2 scrolls of fear {unknown}
 x - a scroll of random uselessness {unknown}
 A - a scroll of immolation {unknown}
 B - a scroll of enchant armour {unknown}
 F - 5 scrolls of enchant weapon {unknown}
 S - 2 scrolls of blinking {unknown}
Potions
 p - 3 potions of brilliance {unknown}
 r - 2 potions of berserk rage {unknown}
 z - a potion of mutation {unknown}
 G - 3 potions of curing
 J - 2 potions of invisibility {unknown}
 K - a potion of magic {unknown}
 N - 2 potions of lignification {unknown}
 U - 3 potions of stabbing {unknown}
Comestibles
 f - 11 rations


   Skills:
 * Level 10.1 Fighting
 + Level 9.3(9.7) Short Blades
 + Level 4.8(8.1) Long Blades
 + Level 6.5 Armour
 + Level 6.1 Dodging
 + Level 9.0 Shields
 + Level 0.1 Invocations
 + Level 1.6 Evocations


You had 9 spell levels left.
You didn't know any spells.
Your spell library contained the following spells:

 Spells                   Type           Power        Failure   Level  Hunger
 Confusing Touch          Hex            #.......     97%         3    ####...
 Gell's Gravitas          Tloc           #.........   97%         3    ####...
 Petrify                  Tmut/Erth      #.......     100%        4    #####..
 Metabolic Englaciation   Hex/Ice        #.........   100%        5    ######.
 Yara's Violent Unravell  Hex/Tmut       #.........   100%        5    ######.


Dungeon Overview and Level Annotations

Branches:
Dungeon (10/15)            Temple (1/1) D:6
   Lair: D:8-11         Orc: D:9-12

Altars:
Ashenzari
Cheibriados
Dithmenos
Elyvilon
Fedhas
Gozag
Hepliaklqana
Kikubaaqudgha
Makhleb
Nemelex Xobeh
Okawaru
Qazlal
Ru
Sif Muna
Trog
Uskayaw
Vehumet
Wu Jian
Xom
Yredelemnul
Zin
The Shining One
Beogh

Shops:
D:5 [[=   D:7 }%


Innate Abilities, Weirdness & Mutations

You can be seen from farther away. (+LOS)
You can swim through water.
You cover ground slowly.
You can hop short distances.


Message History

You hit the death yak but do no damage.
The death yak is severely wounded.
You block the death yak's attack.
You hit the death yak. You freeze the death yak.
The death yak is almost dead.
You block the death yak's attack.
You hit the death yak but do no damage.
The death yak is almost dead.
You hit the death yak but do no damage.
The death yak is almost dead.
The death yak gores you.
You hit the death yak. You freeze the death yak.
The death yak is almost dead.
You block the death yak's attack.
You hit the death yak but do no damage.
The death yak is almost dead.
You hit the death yak but do no damage.
The death yak is almost dead.
The death yak gores you!!
You die...

############ ######## ####
#######..........####.......
...###.....'..........##.'.......
...##..#####..........##.#.......
...'..## #.....[....##.#.......
)..#### #...[......'..#.......
...# #..........####....... '###
#.....>)...# #######' ...#
####Y####### ##....... ##.#
#.@..).# #..###### #.#
#########[####'####### #.#
#..........##......... ##.##
#..........#.......... ....#
#..........#.......... ....###
#..)..).......[)<..... ......##
#.........).#..)......
....#.<#####.........)<#..)......
....##.....#...........#......[..
....######.'..........##.........
.#### ###..........####'######


You could see a death yak.

Vanquished Creatures
  Harold (D:9)
  2 two-headed ogres (D:8)
  A troll (D:9)
  3 hippogriffs
  A wyvern (D:9)
  2 humans
  A steam dragon (D:9)
  Edmund (D:4)
  An ice beast (D:9)
  A sky beast (D:9)
  An orc warrior (D:9)
  A phantom (D:9)
  3 black bears
  A necrophage (D:9)
  5 ogres
  4 centaurs
  A big kobold (D:9)
  2 bullfrogs
  3 scorpions
  7 wights
  2 hounds
  2 bullfrog skeletons
  An orc priest (D:9)
  A centaur skeleton (D:6)
  4 orc wizards
  2 iguanas
  Natasha (twice) (D:2)
  4 worker ants
  A hound zombie (D:6)
  A worker ant zombie (D:10)
  Robin (D:2)
  8 adders
  2 shadow imps
  2 white imps
  3 ufetubi
  2 adder zombies
  3 worms
  2 dart slugs (D:1)
  4 leopard geckos
  60 orcs
  10 giant cockroaches
  7 hobgoblins
  13 jackals
  3 quokkas
  A ball python (D:2)
  5 bats
  A frilled lizard (D:3)
  14 goblins
  A jackal skeleton (D:9)
  12 kobolds
  A leopard gecko skeleton (D:7)
  4 rats
221 creatures vanquished.

Notes
Turn   | Place    | Note
-------+----------+-------------------------------------------
     0 | D:1      | bli the Barachi Fighter began the quest for the Orb.
     0 | D:1      | Reached XP level 1. HP: 18/18 MP: 1/1
   126 | D:1      | Reached XP level 2. HP: 23/25 MP: 2/2
   377 | D:1      | Reached XP level 3. HP: 29/30 MP: 3/3
   742 | D:2      | Noticed Robin
   762 | D:2      | Killed Robin
   762 | D:2      | Reached skill level 4 in Fighting
   906 | D:2      | Reached XP level 4. HP: 17/37 MP: 4/4
  1128 | D:2      | Noticed Natasha
  1134 | D:2      | Killed Natasha
  1390 | D:2      | Noticed Natasha
  1411 | D:2      | Killed Natasha
  1411 | D:2      | Reached skill level 1 in Dodging
  1411 | D:2      | Reached XP level 5. HP: 9/42 MP: 5/5
  2532 | D:3      | Found a glowing golden altar of the Shining One.
  2538 | D:3      | Became a worshipper of the Shining One
  2837 | D:4      | Found a shimmering altar of Xom.
  2839 | D:4      | Found a stormy altar of Qazlal.
  2841 | D:4      | Found a radiant altar of Vehumet.
  3106 | D:4      | Reached XP level 6. HP: 36/49 MP: 6/6
  3264 | D:4      | Noticed Edmund
  3305 | D:4      | Killed Edmund
  3305 | D:4      | Reached skill level 1 in Short Blades
  3305 | D:4      | Reached skill level 5 in Armour
  3544 | D:4      | Reached skill level 5 in Fighting
  3683 | D:4      | Reached XP level 7. HP: 56/56 MP: 7/7
  3712 | D:5      | Entered Level 5 of the Dungeon
  3786 | D:5      | Found a sacrificial altar of Ru.
  3812 | D:5      | Found Lulos's Antique Armour Shoppe.
  3821 | D:5      | Bought a faintly humming leather armour for 175 gold pieces
  3831 | D:5      | Identified the cursed +1 leather armour of the Forest {Harm
                  | MR+ Str-2} (You bought it in a shop on level 5 of the
                  | Dungeon)
  3894 | D:5      | Found Equitudd's Armour Shop.
  3924 | D:5      | Found Coir's Jewellery Boutique.
  4639 | D:6      | Found a shadowy altar of Dithmenos.
  4643 | D:6      | Found a staircase to the Ecumenical Temple.
  4660 | D:5      | Reached * piety under the Shining One
  5178 | D:6      | Reached skill level 5 in Shields
  5178 | D:6      | Reached XP level 8. HP: 58/64 MP: 8/8
  5250 | D:6      | Reached skill level 6 in Fighting
  5585 | D:6      | Found Zin's Purification Station.
  5590 | D:6      | Found a glowing silver altar of Zin.
  5609 | D:6      | Bought a potion of curing for 90 gold pieces
  5737 | Temple   | Entered the Ecumenical Temple
  6476 | D:7      | Found Faykhie's Food Boutique.
  6689 | D:7      | Found a bloodstained altar of Trog.
  6697 | D:7      | Reached skill level 5 in Short Blades
  6785 | D:7      | Noticed a hippogriff
  6798 | D:7      | Killed a hippogriff
  6798 | D:7      | Reached XP level 9. HP: 51/71 MP: 9/9
  6814 | D:7      | Found an opulent altar of Gozag.
  6963 | D:7      | Reached skill level 7 in Fighting
  7026 | D:7      | Found a burning altar of Makhleb.
  7400 | D:7      | Found an iron altar of Okawaru.
  7811 | D:7      | Found Foceuteumn's Gadget Shoppe.
  7819 | D:7      | Reached ** piety under the Shining One
  8216 | D:8      | Found a basalt altar of Yredelemnul.
  8220 | D:8      | Found a shattered altar of Ashenzari.
  8221 | D:8      | Found a sacrificial altar of Ru.
  8221 | D:8      | Found a sparkling altar of Nemelex Xobeh.
  8225 | D:8      | Found a white marble altar of Elyvilon.
  8557 | D:8      | Found a sand-covered staircase.
  8758 | D:8      | Reached skill level 8 in Fighting
  8761 | D:8      | Noticed a two-headed ogre
  8781 | D:8      | Killed a two-headed ogre
  8781 | D:8      | Reached skill level 5 in Dodging
  8781 | D:8      | Reached skill level 1 in Evocations
  8781 | D:8      | Reached XP level 10. HP: 30/82 MP: 10/10
  9046 | D:9      | Noticed a two-headed ogre
  9070 | D:8      | Killed a two-headed ogre
  9299 | D:9      | Reached skill level 9 in Fighting
  9917 | D:9      | Found a roughly hewn altar of Beogh.
 10309 | D:9      | Noticed Harold
 10335 | D:9      | Killed Harold
 10558 | D:10     | Entered Level 10 of the Dungeon
 10613 | D:10     | Reached skill level 10 in Fighting
 10625 | D:10     | Noticed a death yak
 10633 | D:10     | Noticed a death yak
 10634 | D:10     | Noticed a death yak
 10837 | D:9      | Slain by a death yak

Illustrated notes

Levels and vault maps discovered:
D:1:      dpeg_arrival_tiny_i, layout_basic, hex_large
D:2:      layout_basic, first_ration, uniq_natasha, uniq_robin
D:3:      layout_basic, nicolae_tso_swordbearing_angel
D:4:      layout_cave_pods, chequers_temple_overflow_statue_of_worship,
          kennysheep_decorative_pillar, uniq_edmund
D:5:      layout_basic, serial_shops, shop, shop_coins, shop,
          nicolae_ru_sacrificial_ziggurat
D:6:      layout_rooms, zin_purify, minmay_temple_entry_glass, basic_altar,
          minmay_misc_feat_hallway
D:7:      layout_basic, trog_ov_bears_minmay, nicolae_overflow_crystal_walls,
          nicolae_overflow_hidden_temple, serial_shops, nicolae_shop_trees,
          shop_statue, okawaru_humans
D:8:      layout_loops_ring, grunt_temple_overflow_open,
          nicolae_ossuary_entry_monument
D:9:      layout_roguey, special_room [special_room_orc], uniq_harold
D:10:     layout_stronghold, dpeg_lair_monsters, orc_david_3,
          hangedman_pestilent_swarm, uniq_snorg
Temple:   jpeg_temple_island

Skill      XL: |  1  2  3  4  5  6  7  8  9 10 |
---------------+-------------------------------+-----
Armour         | 4 5 6 |  6.5
Long Blades    | 3 4 |  4.8
Fighting       | 4 5 6 8 10 | 10.1
Shields        | 4 5 6 7 9 |  9.0
Dodging        | 1 2 4 5 6 |  6.1
Short Blades   | 1 3 5 8 9 |  9.3
Evocations     | 1 |  1.6
Invocations    | |  0.1

Action                   |  1- 3 |  4- 6 |  7- 9 | 10-12 || total
-------------------------+-------+-------+-------+-------++-------
Melee: Long sword        |    85 |   132 |       |       ||   217
       Short sword       |       |    81 |   328 |   250 ||   659
Throw: Stone             |     3 |    57 |    95 |    32 ||   187
       Javelin           |       |       |    19 |     2 ||    21
       Dart              |       |       |       |    28 ||    28
       Boomerang         |       |       |       |    11 ||    11
Invok: Divine Shield     |       |       |       |     2 ||     2
 Abil: Hop               |       |       |     3 |     1 ||     4
Evoke: Wand              |       |     5 |     4 |     7 ||    16
  Use: Scroll            |       |     1 |       |       ||     1
       Potion            |       |       |       |     2 ||     2
  Eat: Chunk             |       |    11 |    14 |     7 ||    32
       Ration            |       |       |     1 |       ||     1
Armor: Scale mail        |    14 |       |       |       ||    14
       Ring mail         |    22 |    55 |     2 |       ||    79
       Leather armour    |       |       |    41 |    16 ||    57
Dodge: Dodged            |    31 |    62 |   100 |    56 ||   249
Block: Kite shield       |    39 |    90 |   164 |   152 ||   445
       Reflection        |       |       |     2 |    12 ||    14
       Rpst.: Long sword |     9 |    10 |       |       ||    19

Table legend:
 A = Non-vault XP
 B = Vault XP
 C = Vault XP percentage of total XP
 D = Non-vault monster count
 E = Vault monster count
 F = Vault count percentage of total count
                 A         B        C        D         E       F
            +---------+---------+-------+---------+---------+-------
      Total |    6978 |    1990 |  22.2 |     183 |      38 |  17.2
            +---------+---------+-------+---------+---------+-------
        D:1 |      37 |       0 |   0.0 |      20 |       0 |   0.0
        D:2 |      74 |      62 |  45.6 |      14 |       8 |  36.4
        D:3 |      53 |       0 |   0.0 |      20 |       0 |   0.0
        D:4 |     260 |     162 |  38.4 |      24 |       1 |   4.0
        D:5 |     514 |       0 |   0.0 |      19 |       0 |   0.0
        D:6 |     549 |     192 |  25.9 |      15 |       1 |   6.2
        D:7 |     905 |     446 |  33.0 |      22 |       3 |  12.0
        D:8 |    2343 |       9 |   0.4 |      12 |       3 |  20.0
        D:9 |    1982 |    1119 |  36.1 |      31 |      22 |  41.5
       D:10 |     261 |       0 |   0.0 |       6 |       0 |   0.0
            +---------+---------+-------+---------+---------+-------
